 Dungeon Crawl Stone Soup version 0.31-a0-620-gd1cbd99268 (webtiles) character file.

Game seed: 4224413203194678257

5000 cforsyth the Prestidigitator (level 10, -1/68 HPs)
             Began as a Gnoll Artificer on Aug 24, 2023.
             Was a Follower of Hepliaklqana.
             Slain by a killer bee (7 damage)
             ... on level 9 of the Dungeon.
             The game lasted 00:21:18 (11839 turns).

cforsyth the Prestidigitator (Gnoll Artificer)     Turns: 11839, Time: 00:21:19

Health: -1/68      AC: 17    Str: 11    XL:     10   Next: 54%
Magic:  18/18      EV:  2    Int: 15    God:    Hepliaklqana [*.....]
Gold:   365        SH: 11    Dex: 13    Spells: 19/19 levels left

rFire   . . .        B - +2 short sword (freeze)
rCold   . . .        u - +2 kite shield
rNeg    . . .        k - +0 plate armour
rPois   .            s - +2 helmet
rElec   .            D - +0 cloak
rCorr   .            (no gloves)
SInv    .            (no boots)
Will    .....        (no amulet) Stlth
                     (no ring)
HPRegen 0.31/turn    (no ring)
MPRegen 0.16/turn

%: no passive effects
@: no status effects
A: reduced essence, fangs 1, strong nose, distributed training
a: Renounce Religion, Recall Ancestor, Ancestor Identity


You were on level 9 of the Dungeon.
You worshipped Hepliaklqana.
Hepliaklqana was aware of your devotion.
You visited 2 branches of the dungeon, and saw 10 of its levels.

You collected 365 gold pieces.

Inventory:

Hand Weapons
 a - a +0 club
 n - a +2 mace of venom
 p - a +0 short sword of freezing
 x - a +1 spear of freezing
 B - a +2 short sword of freezing (weapon)
 F - a +2 flail of protection
Missiles
 C - 4 curare-tipped darts
Armour
 c - +0 swamp dragon scales
 i - an orb of light
 k - a +0 plate armour (worn)
 s - a +2 helmet (worn)
 u - a +2 kite shield (worn)
 D - a +0 cloak (worn)
Jewellery
 o - a +5 ring of evasion
Talismans
 A - a dragon-blood talisman
Wands
 d - a wand of charming (2)
 e - a wand of iceblast (16)
Scrolls
 f - 6 scrolls of identify {unknown}
 h - a scroll of revelation {unknown}
 q - 2 scrolls of poison {unknown}
 r - 2 scrolls of fear {unknown}
 w - a scroll of vulnerability {unknown}
 y - a scroll of immolation {unknown}
 E - 2 scrolls of blinking {unknown}
Potions
 b - 3 potions of haste {unknown}
 g - a potion of lignification {unknown}
 j - 3 potions of ambrosia {unknown}
 l - a potion of might {unknown}
 m - 3 potions of curing {unknown}
 t - a potion of mutation {unknown}
 v - 2 potions of attraction {unknown}
 z - 3 potions of degeneration {unknown}


   Skills:
 + Level 6.1 Fighting
 + Level 5.4 Short Blades
 + Level 5.4 Long Blades
 + Level 5.4 Axes
 + Level 5.4 Maces & Flails
 + Level 5.4 Polearms
 + Level 5.4 Staves
 + Level 5.4 Ranged Weapons
 + Level 5.4 Throwing
 + Level 7.2 Armour
 + Level 6.1 Dodging
 + Level 6.0 Stealth
 + Level 5.4 Shields
 + Level 5.4 Unarmed Combat
 + Level 5.4 Spellcasting
 + Level 4.5 Conjurations
 + Level 4.5 Hexes
 + Level 4.5 Summonings
 + Level 4.5 Necromancy
 + Level 4.5 Translocations
 + Level 4.5 Transmutations
 + Level 4.5 Fire Magic
 + Level 4.5 Ice Magic
 + Level 4.5 Air Magic
 + Level 4.5 Earth Magic
 + Level 4.5 Poison Magic
 + Level 6.0 Invocations
 + Level 8.6 Evocations
 + Level 5.0 Shapeshifting


You had 19 spell levels left.
You didn't know any spells.
Your spell library contained the following spells:

 Spells                   Type           Power      Damage    Failure   Level
 Foxfire                  Conj/Fire      68%        2x1d7     100%        1
 Sandblast                Erth           34%        2d9       100%        1
 Passwall                 Tmut/Erth      14%        N/A       100%        2
 Sublimation of Blood     Necr           17%        N/A       100%        2
 Wereblood                Tmut           17%        N/A       100%        2
 Stone Arrow              Conj/Erth      34%        3d9       100%        3
 Manifold Assault         Tloc           17%        N/A       100%        4
 Fireball                 Conj/Fire      8%         3d6       100%        5
 Iskenderun's Battlesphe  Conj           17%        2d7       100%        5
 Conjure Ball Lightning   Conj/Air       8%         3x3d6     100%        6
 Dispersal                Tloc           8%         N/A       100%        6
 Plasma Beam              Fire/Air       8%         2x1d19    100%        6
 Starburst                Conj/Fire      8%         6d4       100%        6
 Orb of Destruction       Conj           8%         9d6       100%        7
 Summon Hydra             Summ           8%         N/A       100%        7
 Disjunction              Tloc           8%         N/A       100%        8


Dungeon Overview and Level Annotations

Branches:
Dungeon (9/15)             Temple (1/1) D:7
   Lair: D:8-11         Orc: D:9-12

Altars:
Ashenzari
Cheibriados
Dithmenos
Elyvilon
Fedhas
Gozag
Hepliaklqana
Kikubaaqudgha
Makhleb
Nemelex Xobeh
Okawaru
Qazlal
Ru
Sif Muna
Trog
Uskayaw
Vehumet
Wu Jian
Xom
Yredelemnul
Zin
The Shining One

Annotations:
D:5 3 runed translucent doors, Cummy's ghost, novice OgBe; Sanktem7's ghost, novice MiFi


Innate Abilities, Weirdness & Mutations

Your life essence is reduced to manifest your ancestor. (-10% HP)
You have very sharp teeth.
Your uncanny sense of smell can sniff out nearby items.
Your experience applies equally to all skills.


Message History

Anything else - Cancel.
Gang up on whom?
Press: ? - help, Dir - move target, f - killer bee, p - killer bee
Aim: a killer bee Attack!
You feel sick. The killer bee misses your killer bee.
Your killer bee stings the killer bee.
The killer bee barely misses your killer bee.
Your killer bee misses the killer bee.
You feel sick.
The killer bee barely misses your killer bee.
Your killer bee misses the killer bee.
The killer bee closely misses your killer bee.
Your killer bee misses the killer bee.
You feel sick.
The killer bee completely misses your killer bee.
Your killer bee completely misses the killer bee.
The killer bee closely misses your killer bee.
Your killer bee stings the killer bee.
You feel sick.
You feel sick.
You feel sick.
You feel sick.
You feel a bit more experienced.
You feel sick.
You are no longer poisoned.
The komodo dragon hisses angrily.
The komodo dragon bites you!
* * * LOW HITPOINT WARNING * * *
You block the killer bee's attack.
Aiming: Charm
Press: ? - help, Shift-Dir - straight line, f - komodo dragon, p - killer bee
Aim: a komodo dragon (chance to affect: 51%)
The komodo dragon resists with significant effort.
You block the komodo dragon's attack. The killer bee stings you.
* * * LOW HITPOINT WARNING * * *
Aiming: Charm
Press: ? - help, Shift-Dir - straight line, f/p - komodo dragon
Aim: a komodo dragon (chance to affect: 51%)
The komodo dragon is charmed.
The killer bee barely misses you.
You block the killer bee's attack. x2; The killer bee stings you!
You die...

#.#.# #.# #.#
#.#.# #.# #.#
#.#.####.# #.#
#.#.##...# #.#
#........# #..
##..##...# #.#
#.####..########.#
#y## #.......R...#
#@y####.##########
#l..)...#
#.<###### #..#
#>.##########
#...........## ###
##...........# #..
##########..# #..
#..###..


You could see 2 killer bees and a friendly komodo dragon (charmed).

Vanquished Creatures
  Maggie (D:6)
  Grinder (D:5)
  4 yaks (D:7)
  2 steam dragons
  Duvessa (D:4)
  2 water moccasins (D:8)
  4 orc warriors
  A black bear (D:5)
  An ice beast (D:6)
  2 sky beasts
  An ogre (D:4)
  2 centaurs
  2 phantoms
  Blork the orc (D:5)
  A kobold brigand (D:8)
  4 bullfrogs
  A gnoll sergeant (D:6)
  3 scorpions
  4 wights
  Dowan (D:4)
  7 killer bees
  A howler monkey (D:6)
  2 hounds
  5 jellies
  8 orc priests
  Ijyb (D:5)
  2 iguanas
  3 orc wizards
  9 gnolls
  4 adders
  2 shadow imps
  A white imp (D:5)
  5 worms
  6 dart slugs
  33 orcs
  7 ball pythons
  10 endoplasms
  3 giant cockroaches
  4 goblins
  7 hobgoblins
  9 jackals
  7 kobolds
  2 quokkas
  8 bats
  6 frilled lizards
  3 rats
194 creatures vanquished.

Vanquished Creatures (collateral kills)
  A wight (D:6)
  A killer bee (D:7)
  An orc priest (D:8)
  2 kobolds (D:8)
5 creatures vanquished.

Vanquished Creatures (others)
  A wight (D:6)
  3 killer bees
  3 ancestors (D:9)
  A gnoll (D:1)
8 creatures vanquished.

Grand Total: 207 creatures vanquished

Notes
Turn   | Place    | Note
-------+----------+-------------------------------------------
     0 | D:1      | cforsyth the Gnoll Artificer began the quest for the Orb.
     0 | D:1      | Reached XP level 1. HP: 17/17 MP: 1/1
   175 | D:1      | Reached XP level 2. HP: 15/23 MP: 2/2
   646 | D:1      | Reached XP level 3. HP: 24/28 MP: 3/3
   663 | D:2      | Found a shimmering altar of Xom.
   675 | D:1      | HP: 1/28 [gnoll/+0 flail (6)]
   841 | D:2      | Reached skill level 1 in Invocations
   890 | D:2      | Reached skill level 1 in Short Blades
   890 | D:2      | Reached skill level 1 in Long Blades
   890 | D:2      | Reached skill level 1 in Axes
   890 | D:2      | Reached skill level 1 in Maces & Flails
   890 | D:2      | Reached skill level 1 in Polearms
   890 | D:2      | Reached skill level 1 in Staves
   890 | D:2      | Reached skill level 1 in Ranged Weapons
   890 | D:2      | Reached skill level 1 in Throwing
   890 | D:2      | Reached skill level 1 in Shields
   890 | D:2      | Reached skill level 1 in Unarmed Combat
   890 | D:2      | Reached skill level 1 in Spellcasting
  1421 | D:2      | Reached skill level 1 in Conjurations
  1421 | D:2      | Reached skill level 1 in Hexes
  1421 | D:2      | Reached skill level 1 in Summonings
  1421 | D:2      | Reached skill level 1 in Necromancy
  1421 | D:2      | Reached skill level 1 in Translocations
  1421 | D:2      | Reached skill level 1 in Transmutations
  1421 | D:2      | Reached skill level 1 in Fire Magic
  1421 | D:2      | Reached skill level 1 in Ice Magic
  1421 | D:2      | Reached skill level 1 in Air Magic
  1421 | D:2      | Reached skill level 1 in Earth Magic
  1421 | D:2      | Reached skill level 1 in Poison Magic
  1421 | D:2      | Reached skill level 1 in Shapeshifting
  1421 | D:2      | Reached XP level 4. HP: 26/34 MP: 5/5
  1441 | D:2      | Reached XP level 5. HP: 19/40 MP: 5/7
  1692 | D:2      | Found a faded altar of an unknown god.
  1990 | D:3      | You fall into a shaft and drop 2 floors!
  1990 | D:5      | Entered Level 5 of the Dungeon
  2037 | D:5      | Noticed a phantom
  2060 | D:5      | Killed a phantom
  2129 | D:5      | Noticed Blork the orc
  2141 | D:5      | Killed Blork the orc
  2142 | D:5      | Reached skill level 5 in Armour
  2142 | D:5      | Reached XP level 6. HP: 20/47 MP: 8/8
  2271 | D:5      | Noticed Grinder
  2278 | D:5      | Paralysed by Grinder for 4 turns
  2287 | D:5      | Killed Grinder
  2288 | D:5      | Reached skill level 7 in Evocations
  2288 | D:5      | Reached XP level 7. HP: 15/52 MP: 10/10
  2529 | D:4      | Noticed Duvessa
  2529 | D:4      | Noticed Dowan
  2538 | D:4      | Killed Duvessa
  2544 | D:4      | Killed Dowan
  2708 | D:4      | Reached XP level 8. HP: 43/60 MP: 12/12
  2959 | D:3      | Found a sparkling altar of Nemelex Xobeh.
  2959 | D:3      | Found a white marble altar of Elyvilon.
  2962 | D:3      | Found a glowing silver altar of Zin.
  3895 | D:4      | Identified the +1 rapier of Urow {freeze, rF+ Dex+4}
  4469 | D:5      | Noticed Ijyb
  4486 | D:5      | Killed Ijyb
  4756 | D:5      | Found a runed translucent gate.
  4756 | D:5      | Found a runed translucent gate.
  4756 | D:5      | Found a runed translucent gate.
  4759 | D:5      | Noticed Cummy's ghost (novice OgBe)
  4759 | D:5      | Noticed Sanktem7's ghost (novice MiFi)
  4974 | D:6      | Noticed Maggie
  5166 | D:6      | Your ally Maggie died
  5167 | D:6      | Reached XP level 9. HP: 9/66 MP: 14/14
  5916 | D:6      | Reached skill level 5 in Fighting
  5916 | D:6      | Reached skill level 5 in Dodging
  6302 | D:6      | Reached skill level 5 in Stealth
  6394 | D:6      | Reached skill level 8 in Evocations
  7111 | D:7      | Reached skill level 5 in Invocations
  7254 | D:7      | Found a staircase to the Ecumenical Temple.
  7278 | Temple   | Entered the Ecumenical Temple
  7292 | Temple   | Became a worshipper of Hepliaklqana the Forgotten
  8823 | D:7      | Reached XP level 10. HP: 41/71 MP: 17/17
  9277 | D:8      | Reached skill level 5 in Short Blades
  9277 | D:8      | Reached skill level 5 in Long Blades
  9277 | D:8      | Reached skill level 5 in Axes
  9277 | D:8      | Reached skill level 5 in Maces & Flails
  9277 | D:8      | Reached skill level 5 in Polearms
  9277 | D:8      | Reached skill level 5 in Staves
  9277 | D:8      | Reached skill level 5 in Ranged Weapons
  9277 | D:8      | Reached skill level 5 in Throwing
  9277 | D:8      | Reached skill level 5 in Shields
  9277 | D:8      | Reached skill level 5 in Unarmed Combat
  9277 | D:8      | Reached skill level 5 in Spellcasting
 10638 | D:8      | Found an ancient bone altar of Kikubaaqudgha.
 10781 | D:8      | Reached * piety under Hepliaklqana
 10793 | D:8      | Found an iron altar of Okawaru.
 11754 | D:9      | Reached skill level 5 in Shapeshifting
 11839 | D:9      | Slain by a killer bee

Illustrated notes

Levels and vault maps discovered:
D:1:      tarquinn_simple_flora_water_f, layout_rooms
D:2:      layout_rooms, hellmonk_ecumenical_altar_zigzags, basic_altar,
          minivault_23
D:3:      layout_loops_ring, nicolae_overflow_hidden_temple
D:4:      layout_loops_ring, minmay_bisected, uniq_duvessa
D:5:      layout_basic, gammafunk_ghost_cemetery, uniq_ijyb, uniq_grinder,
          uniq_blork_the_orc
D:6:      layout_rooms, uniq_maggie
D:7:      layout_rooms, minmay_temple_entry_slanted
D:8:      layout_loops_ring, mainiacjoe_overflow_catwalk,
          hangedman_decor_peaks_small, david_defended_altar_orc
D:9:      layout_loops_ring
Temple:   compressed_dpeg_circular_temple

Skill      XL: |  1  2  3  4  5  6  7  8  9 10 |
---------------+-------------------------------+-----
Invocations    | 1 2 3 4 5 6 |  6.0
Short Blades   | 1 2 3 4 5 |  5.4
Long Blades    | 1 2 3 4 5 |  5.4
Axes           | 1 2 3 4 5 |  5.4
Maces & Flails | 1 2 3 4 5 |  5.4
Polearms       | 1 2 3 4 5 |  5.4
Staves         | 1 2 3 4 5 |  5.4
Ranged Weapons | 1 2 3 4 5 |  5.4
Throwing       | 1 2 3 4 5 |  5.4
Shields        | 1 2 3 4 5 |  5.4
Unarmed Combat | 1 2 3 4 5 |  5.4
Spellcasting   | 1 2 3 4 5 |  5.4
Conjurations   | 1 2 3 4 |  4.5
Hexes          | 1 2 3 4 |  4.5
Summonings     | 1 2 3 4 |  4.5
Necromancy     | 1 2 3 4 |  4.5
Translocations | 1 2 3 4 |  4.5
Transmutations | 1 2 3 4 |  4.5
Fire Magic     | 1 2 3 4 |  4.5
Ice Magic      | 1 2 3 4 |  4.5
Air Magic      | 1 2 3 4 |  4.5
Earth Magic    | 1 2 3 4 |  4.5
Poison Magic   | 1 2 3 4 |  4.5
Shapeshifting  | 1 2 3 4 5 |  5.0
Fighting       | 3 4 5 6 |  6.1
Dodging        | 3 4 5 6 |  6.1
Armour         | 5 6 7 |  7.2
Stealth        | 3 4 5 6 |  6.0
Evocations     | 7 8 |  8.6

Action                     |  1- 3 |  4- 6 |  7- 9 | 10-12 || total
---------------------------+-------+-------+-------+-------++-------
  Melee: Club              |   130 |    75 |       |       ||   205
         Bite              |    17 |    17 |    51 |    46 ||   131
         Punch             |     2 |       |       |       ||     2
         Mace              |       |    33 |   376 |       ||   409
         Short sword       |       |       |    38 |   310 ||   348
  Evoke: Wand              |     6 |     7 |    14 |    10 ||    37
   Stab: Sleeping          |     1 |       |       |       ||     1
 Armour: Leather armour    |    13 |       |       |       ||    13
         Chain mail        |    44 |       |       |       ||    44
         Plate armour      |    22 |    94 |   352 |   144 ||   612
  Dodge: Dodged            |    71 |    23 |    42 |    13 ||   149
  Block: Kite shield       |       |       |   200 |   169 ||   369

Table legend: (Time is in decaauts)
 A = Elapsed time spent in this place.
 B = Non-inter-level travel time spent in this place.
 C = Inter-level travel time spent in this place.
 D = Time resting spent in this place.
 E = Time spent auto-exploring this place.
 F = Levels seen in this place.
 G = Mean time per level.
                   A        B        C        D        E       F      G
               +--------+--------+--------+--------+--------+-----+--------+
         Total |  12038 |  11846 |    192 |   4322 |   4994 |  10 | 1203.8 |
       Dungeon |  12009 |  11831 |    178 |   4322 |   4994 |   9 | 1334.3 |
        Temple |     28 |     14 |     14 |      0 |      0 |   1 |   28.0 |
               +--------+--------+--------+--------+--------+-----+--------+

Top non-repeatable levels by time:
     D:7: 2454 daAuts
     D:5: 2192 daAuts
     D:6: 1522 daAuts
     D:1: 1383 daAuts
     D:4: 1293 daAuts
     D:8: 1181 daAuts
     D:9: 696 daAuts
     D:2: 659 daAuts
     D:3: 625 daAuts
  Temple: 28 daAuts
